 Dungeon Crawl Stone Soup version 0.31-a0-981-geadf994542 (webtiles) character file.

Game seed: 11801394801127215011

64 Dirtsage the Insei (level 4, -9/43 HPs)
             Began as an Octopode Shapeshifter on Oct 31, 2023.
             Mangled by an ogre
             ... wielding a +0 giant club
              (22 damage)
             ... on level 3 of the Dungeon.
             The game lasted 00:04:31 (1508 turns).

Dirtsage the Insei (Octopode Shapeshifter)          Turns: 1508, Time: 00:04:31

Health: -9/43      AC: 22    Str: 13    XL:     4   Next: 12%
Magic:  4/4        EV:  2    Int: 12    God:
Gold:   154        SH:  0    Dex: 13    Spells: 1/3 levels left

rFire   . .          .
                       - Unarmed
rCold   . . .        (no shield)
rNeg    . . .        (helmet currently unavailable)
rPois   +            (no amulet)
rElec   .            (no ring)
rCorr   .            (no ring)
SInv    .            (no ring)
Will    .....        (no ring)
Stlth   +            (no ring)
HPRegen 0.27/turn    (no ring)
MPRegen 0.09/turn    (no ring)
                     (no ring)

%: no passive effects
@: tree-form
A: stationary, stasis, torment immunity, boosted hp, almost no armour,
(amphibious), 8 rings, (camouflage 1), (gelatinous body 1), (nimble swimmer 1),
(tentacles)
a: no special abilities


You were on level 3 of the Dungeon.
You were a tree.
You visited 1 branch of the dungeon, and saw 3 of its levels.

You collected 154 gold pieces.

Inventory:

Talismans
 b - a beast talisman
 c - a flux talisman
Scrolls
 e - 2 scrolls of identify {unknown}
 f - a scroll of enchant weapon {unknown}
 h - 2 scrolls of teleportation {unknown}
 i - a scroll of blinking {unknown}
Potions
 a - a potion of lignification
 d - a potion of curing {unknown}
 g - a potion of mutation {unknown}


   Skills:
 + Level 1.7 Fighting
 - Level 2.0 Dodging
 * Level 3.7 Unarmed Combat
 + Level 0.6 Transmutations
 * Level 3.7 Shapeshifting


You had one spell level left.
You knew the following spells:

 Your Spells              Type           Power      Damage    Failure   Level
a - Wereblood             Tmut           1%         N/A       36%         2

Your spell library contained the following spells:

 Spells                   Type           Power      Damage    Failure   Level
 Sting                    Tmut/Pois      0%         1d3       30%         1
 Passwall                 Tmut/Erth      0%         N/A       41%         2
 Ensorcelled Hibernation  Hex/Ice        0%         N/A       45%         2
 Poisonous Vapours        Pois/Air       0%         N/A       45%         2
 Sublimation of Blood     Necr           0%         N/A       45%         2
 Ozocubu's Armour         Ice            0%         N/A       69%         3
 Swiftness                Air            0%         N/A       69%         3
 Olgreb's Toxic Radiance  Pois           0%         N/A       97%         4
 Metabolic Englaciation   Hex/Ice        0%         N/A       100%        5
 Simulacrum               Ice/Necr       0%         N/A       100%        6
 Summon Hydra             Summ           0%         N/A       100%        7


Dungeon Overview and Level Annotations

Branches:
Dungeon (3/15)

Altars:

Shops:
D:1 =


Innate Abilities, Weirdness & Mutations

You are a tree.
Your roots penetrate the ground, keeping you stationary.
You cannot be teleported.
You are immune to unholy pain and torment.
Your maximum health is greatly increased.
You cannot wear most types of armour.
((You are amphibious.))
You can wear up to eight rings at the same time.
((Your skin changes colour to match your surroundings (Stealth+).))
((Your rubbery body absorbs attacks. (AC +1, EV +1)))
((You are camouflaged when in or above water. (Stealth+)))
((You have tentacles for arms and can constrict up to eight enemies at once.))


Message History

You closely miss the hobgoblin. You grab the hobgoblin.
You squeeze the hobgoblin.
You kill the hobgoblin!
You tentacle-slap the hobgoblin but do no damage.
You grab the hobgoblin. You constrict the hobgoblin.
The hobgoblin barely misses you.
An adder comes into view.
The adder hisses angrily.
You tentacle-slap the hobgoblin.
The hobgoblin is severely wounded.
You constrict the hobgoblin. The hobgoblin misses you.
You tentacle-slap the hobgoblin.
You kill the hobgoblin!
An ogre comes into view. It is wielding a +0 giant club.
You bludgeon the adder! Your grab misses the adder.
The adder is severely wounded.
The adder barely misses you.
You closely miss the adder. Your grab misses the adder.
The adder is severely wounded.
The adder bites you. x2
You take 6 damage, and have 17/24 hp.
MASSIVE DAMAGE!!
You barely miss the adder. You grab the adder. You squeeze the adder.
You kill the adder!
You have reached level 4!
You regained 3 hp, and now have 20/29 hp.
MP restored: 4 You have nothing you can fire or use right now.
Your transformation has ended.
You turn into a tree.
Your roots penetrate the ground.
You now have 32/43 hp.
You closely miss the ogre.
The ogre hits you with a +0 giant club!!
You take 19 damage, and have 13/43 hp.
MASSIVE DAMAGE!!
You smack the ogre!
The ogre is heavily wounded.
You smack the ogre!
The ogre is severely wounded.
The ogre hits you with a +0 giant club!!
Ouch! That really hurt!
You die...

#.# .## #.# #....
#.##.... #
###.........
......$.#.# #....
..^.# ##.#†##..#
#..#†....#
#..♣O....#
#####.......##
#.....#...#....#
#........##....#
#......#.# ##.#
#........# #
######...# #
#...#....#
########.####....#


You could see an ogre.

Vanquished Creatures
  2 adders (D:3)
  2 dart slugs (D:1)
  2 endoplasms
  3 giant cockroaches (D:1)
  3 goblins
  7 hobgoblins
  4 jackals (D:2)
  2 quokkas
  3 ball pythons
  7 frilled lizards
  A kobold (D:2)
  4 rats
40 creatures vanquished.

Notes
Turn   | Place    | Note
-------+----------+-------------------------------------------
     0 | D:1      | Dirtsage the Octopode Shapeshifter began the quest for the
                  | Orb.
     0 | D:1      | Reached XP level 1. HP: 13/13 MP: 1/1
   213 | D:1      | Found Ennic's Jewellery Boutique.
   223 | D:1      | Reached XP level 2. HP: 18/18 MP: 2/2
   375 | D:1      | Found a faded altar of an unknown god.
   763 | D:2      | Reached XP level 3. HP: 20/23 MP: 3/3
  1052 | D:2      | Learned a level 2 spell: Wereblood
  1499 | D:3      | Noticed an ogre
  1503 | D:3      | Reached XP level 4. HP: 20/29 MP: 4/4
  1508 | D:3      | Mangled by an ogre

Illustrated notes

Levels and vault maps discovered:
D:1:      spicycebolla_arrival_xxxplode, layout_loops_ring, serial_shops, shop,
          shapermc_ecumenical_altar_ellora, minmay_misc_feat_roman,
          serial_park_tiny_1
D:2:      layout_loops_ring
D:3:      layout_rooms

Action                     |  1- 3 |  4- 6 || total
---------------------------+-------+-------++-------
  Melee: Unarmed           |    65 |     3 ||    68
         Constrict         |    14 |       ||    14
         Tentacles         |    13 |       ||    13
    Use: Potion            |       |     1 ||     1
   Stab: Sleeping          |     8 |       ||     8
 Armour: Skin              |    19 |     2 ||    21
  Dodge: Dodged            |    32 |       ||    32

Table legend: (Time is in decaauts)
 A = Elapsed time spent in this place.
 B = Non-inter-level travel time spent in this place.
 C = Inter-level travel time spent in this place.
 D = Time resting spent in this place.
 E = Time spent auto-exploring this place.
 F = Levels seen in this place.
 G = Mean time per level.
                   A        B        C        D        E       F      G
               +--------+--------+--------+--------+--------+-----+--------+
         Total |   1503 |   1476 |     27 |      0 |   1268 |   3 |  501.0 |
       Dungeon |   1503 |   1476 |     27 |      0 |   1268 |   3 |  501.0 |
               +--------+--------+--------+--------+--------+-----+--------+

Top non-repeatable levels by time:
     D:1: 759 daAuts
     D:2: 701 daAuts
     D:3: 42 daAuts
